 Dungeon Sprint DCSS version 0.32-a0-640-gc5db3fc80f (webtiles) character file.

Game seed: 12928014090185549071

1561 petercordia the Carver (level 8, -1/68 HPs)
             Began as a Coglin Gladiator on Mar 7, 2024.
             Was a Priest of Okawaru.
             Slain by a centaur warrior (11 damage)
             ... in the Dungeon (Sprint IX: "|||||||||||||||||||||||||||||").
             The game lasted 00:04:29 (289 turns).

petercordia the Carver (Coglin Gladiator)            Turns: 289, Time: 00:04:29

Health: -1/68      AC: 14    Str: 15    XL:     8   Next: 89%
Magic:  8/10       EV:  7    Int:  7    God:    Okawaru [***...]
Gold:   0          SH:  0    Dex: 18    Spells: 7/7 levels left

rFire   . . .        o - +2 scimitar (flame) {Miranda}
rCold   . . .        p - +2 rapier (distort) {Kazuki}
rNeg    . . .        s - +0 plate armour
rPois   .            r - +0 helmet
rElec   .            (no cloak)
rCorr   .            q - +0 pair of gloves
SInv    .            (no boots)
Will    .....        (amulet unavailable) Stlth
                     (ring unavailable)
HPRegen 0.31/turn    (ring unavailable)
MPRegen 0.12/turn    (no gizmo)

%: no teleportation
@: invisible, revving
A: off-hand wielding, slow wielding, warmup strikes, no jewellery
a: Invent Gizmo, Renounce Religion, Heroism


You were in the Dungeon.
You worshipped Okawaru.
Okawaru was most pleased with you.
You visited 1 branch

Inventory:

Hand Weapons
 a - a +0 long sword {Gnaeus}
 f - a +0 dagger {Kenzo}
 m - a +0 short sword {Sebastián}
 o - a +2 scimitar of flaming (weapon) {Miranda}
 p - a +2 rapier of distortion (offhand) {Kazuki}
Missiles
 d - 3 throwing nets
 e - 5 poisoned darts
Armour
 b - a +0 leather armour
 c - a +0 helmet
 q - a +0 pair of gloves (worn)
 r - a +0 helmet (worn)
 s - a +0 plate armour (worn)
Wands
 n - a wand of acid (8)
Scrolls
 k - 2 scrolls of amnesia
 l - 2 scrolls of blinking
Potions
 i - 4 potions of curing
 j - 4 potions of magic


   Skills:
 * Level 8.0 Fighting
 * Level 3.6(8.1) Short Blades
 * Level 12.3(12.6) Long Blades
 - Level 1.7 Throwing
 * Level 3.8 Armour
 * Level 9.2 Dodging
 * Level 3.5 Invocations
 * Level 6.2 Evocations


You had 7 spell levels left.
You didn't know any spells.
Your spell library was empty.

Dungeon Overview and Level Annotations

Branches:
Dungeon (1/1)

Altars:
Cheibriados
Dithmenos
Elyvilon
Fedhas
Gozag
Hepliaklqana
Kikubaaqudgha
Makhleb
Nemelex Xobeh
Okawaru
Qazlal
Ru
Sif Muna
Trog
Uskayaw
Vehumet
Wu Jian
Xom
Yredelemnul
Zin
The Shining One
Beogh
Jiyva
Lugonu


Innate Abilities, Weirdness & Mutations

You can wield a second weapon in your off-hand.
It takes a long time for you to wield or remove held weapons.
Your first few attacks do less damage.
You cannot equip rings or amulets.


Message History

You burn the centaur warrior.
You kill the centaur warrior!
Okawaru is honoured by your kill.
The centaur warrior is no longer covered in acid.
The centaur warrior shoots an arrow.
The arrow hits the white ugly thing!!
Your Fighting skill increases to level 7!
Your base Short Blades skill increases to level 3!
Your Long Blades skill increases to level 12!
Your Armour skill increases to level 3!
Your Dodging skill increases to level 9!
Your Invocations skill increases to level 3!
Your Evocations skill increases to level 5!
You have reached level 8!
You feel stronger.
You catch the helpless white ugly thing completely off-guard!
You hit the white ugly thing with your +2 scimitar of flaming.
You burn the white ugly thing.
The white ugly thing is heavily wounded.
You puncture the white ugly thing with your +2 rapier of distortion!
The white ugly thing blinks!
The centaur warrior shoots an arrow.
The arrow hits the white ugly thing!!
The white ugly thing dies!
Your Fighting skill increases to level 8!
Your Evocations skill increases to level 6!
The centaur warrior shoots an arrow.
The arrow hits you.
The centaur warrior shoots an arrow.
The arrow hits you but does no damage.
Things that are here:
a +2 antimagic shortbow; an ugly thing corpse; a centaur corpse Unknown command.
The centaur warrior unwields a +0 orcbow.
The centaur warrior hits you!
* * * LOW HITPOINT WARNING * * *
The centaur warrior completely misses you.
You slash the centaur warrior with your +2 scimitar of flaming!
You burn the centaur warrior.
The centaur warrior is severely wounded.
You strike the helpless centaur warrior from behind!
You puncture the centaur warrior with your +2 rapier of distortion!
The centaur warrior blinks!
The centaur warrior hits you!
You die... ▓▓▓▓▓▓▓▓▓▓▓▓▓▓▓▓▓▓▓▓▓▓ +{lc§@c'.....)†==....) ▓▓▓▓▓▓▓▓▓▓▓▓▓▓▓▓▓▓▓▓▓▓

You could see 2 centaur warriors and a basilisk (unable to see you).

Vanquished Creatures
  A centaur warrior (D)
  3 yaks (D)
  A centaur (D)
  A kobold brigand (D)
  3 scorpions (D)
  A killer bee (D)
  An iguana (D)
  An adder (D)
  A hobgoblin (D)
  A frilled lizard (D)
  2 kobolds (D)
  A rat (D)
17 creatures vanquished.

Vanquished Creatures (others)
  An ugly thing (D)
1 creature vanquished.

Grand Total: 18 creatures vanquished

Notes
Turn   | Place    | Note
-------+----------+-------------------------------------------
     0 | D        | petercordia the Coglin Gladiator began the quest for the
                  | Orb.
     0 | D        | Reached XP level 1. HP: 16/16 MP: 1/1
    32 | D        | Noticed a scorpion
    32 | D        | Noticed a scorpion
    32 | D        | Noticed an iguana
    32 | D        | Noticed a scorpion
    43 | D        | Killed a scorpion
    44 | D        | Reached skill level 6 in Long Blades
    44 | D        | Reached skill level 5 in Dodging
    44 | D        | Reached XP level 2. HP: 5/24 MP: 2/2
    44 | D        | Reached XP level 3. HP: 6/29 MP: 3/3
    44 | D        | Reached XP level 4. HP: 7/35 MP: 4/4
    53 | D        | Killed a scorpion
    54 | D        | Reached skill level 7 in Long Blades
    54 | D        | Reached XP level 5. HP: 6/43 MP: 5/5
    59 | D        | HP: 1/64 [scorpion (3)]
    61 | D        | Reached skill level 5 in Fighting
    61 | D        | Reached skill level 8 in Long Blades
    67 | D        | Found a roughly hewn altar of Beogh.
    67 | D        | Found a snail-covered altar of Cheibriados.
    67 | D        | Found a shadowy altar of Dithmenos.
    67 | D        | Found a white marble altar of Elyvilon.
    67 | D        | Found a blossoming altar of Fedhas.
    67 | D        | Found an opulent altar of Gozag.
    68 | D        | Found a hazy altar of Hepliaklqana.
    69 | D        | Found a viscous altar of Jiyva.
    70 | D        | Found an ancient bone altar of Kikubaaqudgha.
    71 | D        | Found a corrupted altar of Lugonu.
    72 | D        | Found a burning altar of Makhleb.
    73 | D        | Found a sparkling altar of Nemelex Xobeh.
    74 | D        | Found an iron altar of Okawaru.
    75 | D        | Found a stormy altar of Qazlal.
    76 | D        | Found a sacrificial altar of Ru.
    77 | D        | Found a shimmering blue altar of Sif Muna.
    78 | D        | Found a bloodstained altar of Trog.
    79 | D        | Found a hide-covered altar of Uskayaw.
    80 | D        | Found a radiant altar of Vehumet.
    81 | D        | Found an ornate altar of the Wu Jian Council.
    82 | D        | Found a shimmering altar of Xom.
    83 | D        | Found a basalt altar of Yredelemnul.
    84 | D        | Found a glowing silver altar of Zin.
    85 | D        | Found a glowing golden altar of the Shining One.
   205 | D        | Became a worshipper of Warmaster Okawaru
   227 | D        | Noticed a centaur
   227 | D        | Noticed a yak
   227 | D        | Noticed a yak
   227 | D        | Noticed a kobold brigand
   227 | D        | Noticed a yak
   229 | D        | Killed a kobold brigand
   230 | D        | Reached skill level 9 in Long Blades
   230 | D        | Reached skill level 1 in Evocations
   230 | D        | Reached XP level 6. HP: 42/51 MP: 6/6
   230 | D        | Killed a yak
   231 | D        | Reached skill level 1 in Short Blades
   231 | D        | Reached skill level 10 in Long Blades
   231 | D        | Reached skill level 1 in Armour
   231 | D        | Reached skill level 1 in Invocations
   232 | D        | Killed a yak
   232 | D        | Reached * piety under Okawaru
   233 | D        | Reached XP level 7. HP: 50/59 MP: 6/8
   234 | D        | Killed a yak
   238 | D        | Reached skill level 11 in Long Blades
   274 | D        | Noticed a vampire
   274 | D        | Noticed a basilisk
   274 | D        | Noticed a centaur warrior
   274 | D        | Noticed a centaur warrior
   274 | D        | Noticed a white ugly thing
   274 | D        | Noticed a centaur warrior
   285 | D        | Killed a centaur warrior
   285 | D        | Reached ** piety under Okawaru
   285 | D        | Reached *** piety under Okawaru
   286 | D        | Reached skill level 12 in Long Blades
   286 | D        | Reached skill level 5 in Evocations
   286 | D        | Reached XP level 8. HP: 24/68 MP: 8/10
   286 | D        | Killed a white ugly thing
   289 | D        | Slain by a centaur warrior

Illustrated notes

Levels and vault maps discovered:
D:        linesprint [early_d, line_temple, items_1, d_10, items_2, lair_1,
          lair_end, items_3, orc_1, orc_end, items_4, d_15, swamp_1, shoals_1,
          snake_1, spider_1, d_20, vaults_1, items_5, swamp_end, shoals_end,
          snake_end, spider_end, vaults_end, d_27, items_6, zot_1, zot_end,
          crypt_end, forest_end, elf_end, slime_end, tomb_end, abyss_end,
          pan_hell_end]

Skill      XL: |  1  2  3  4  5  6  7  8 |
---------------+-------------------------+-----
Dodging        | 5 6 7 8 9 |  9.2
Fighting       | 3 4 5 6 7 8 |  8.0
Long Blades    | 6 7 9 10 12 | 12.3
Evocations     | 1 3 5 6 |  6.2
Short Blades   | 2 3 |  3.6
Armour         | 2 3 |  3.8
Invocations    | 2 3 |  3.5
Throwing       | |  1.7

Action                     |  1- 3 |  4- 6 |  7- 9 || total
---------------------------+-------+-------+-------++-------
  Melee: Long sword        |    17 |    14 |       ||    31
         Dagger            |    11 |       |       ||    11
         Short sword       |     8 |    12 |       ||    20
         Rapier            |       |     3 |    14 ||    17
         Scimitar          |       |     3 |    14 ||    17
  Throw: Javelin           |     1 |     1 |     1 ||     3
  Evoke: Wand              |       |     1 |     1 ||     2
    Use: Potion            |     2 |     2 |     3 ||     7
   Stab: Invisible         |       |       |     2 ||     2
 Armour: Leather armour    |     9 |     4 |       ||    13
         Plate armour      |       |     2 |    40 ||    42
  Dodge: Dodged            |     8 |     5 |     8 ||    21

Table legend: (Time is in decaauts)
 A = Elapsed time spent in this place.
 B = Non-inter-level travel time spent in this place.
 C = Inter-level travel time spent in this place.
 D = Time resting spent in this place.
 E = Time spent auto-exploring this place.
 F = Levels seen in this place.
 G = Mean time per level.
                   A        B        C        D        E       F      G
               +--------+--------+--------+--------+--------+-----+--------+
         Total |    284 |    284 |      0 |     25 |      0 |   1 |  284.0 |
       Dungeon |    284 |    284 |      0 |     25 |      0 |   1 |  284.0 |
               +--------+--------+--------+--------+--------+-----+--------+

Top non-repeatable levels by time:
       D: 284 daAuts
